 Dungeon Crawl Stone Soup version 0.31.0-9-g3a7656b989 (webtiles) character file.

Game seed: 12814372110224807002

44 GordonOverkill the Caller (level 3, -3/26 HPs)
             Began as a Ghoul Summoner on Jan 26, 2024.
             Slain by a goblin
             ... wielding a +0 club
             ... led by Robin
              (6 damage)
             ... on level 2 of the Dungeon.
             The game lasted 00:02:36 (976 turns).

GordonOverkill the Caller (Ghoul Summoner)           Turns: 976, Time: 00:02:36

Health: -3/26      AC:  5    Str: 13    XL:     3   Next: 62%
Magic:  5/5        EV: 10    Int: 14    God:
Gold:   68         SH:  0    Dex:  9    Spells: 4/5 levels left

rFire   . .          .
                       - Unarmed
rCold   + . .        (no shield)
rNeg    + + +        e - +0 ring mail
rPois   ∞            (no helmet)
rElec   .            (no cloak)
rCorr   .            (no gloves)
SInv    .            (no boots)
Will    .....        (no amulet)
Stlth   +            (no ring)
HPRegen 0.00/turn    (no ring)
MPRegen 0.09/turn

%: no passive effects
@: inhibited regen
A: claws 1, cold resistance 1, negative energy resistance 3, inhibited
regeneration, torment resistance 2, devour on kill
a: no special abilities


You were on level 2 of the Dungeon.
You visited 1 branch of the dungeon, and saw 3 of its levels.

You collected 68 gold pieces.

Inventory:

Armour
 a - a +0 robe
 e - a +0 ring mail (worn)
Jewellery
 h - a ring of flight
Scrolls
 d - a scroll of enchant armour {unknown}
 f - a scroll of fear {unknown}
Potions
 b - a potion of magic
 c - 2 potions of cancellation {unknown}
 g - a potion of mutation {unknown}
 i - a potion of brilliance {unknown}
 j - a potion of heal wounds {unknown}


   Skills:
 - Level 1.7 Dodging
 - Level 2.1 Stealth
 + Level 3.4 Unarmed Combat
 - Level 1.7 Spellcasting
 - Level 3.6 Summonings


You had 4 spell levels left.
You knew the following spells:

 Your Spells              Type           Power      Damage    Failure   Level
a - Summon Small Mammal   Summ           44%        N/A       12%         1

Your spell library contained the following spells:

 Spells                   Type           Power      Damage    Failure   Level
 Call Imp                 Summ           22%        N/A       19%         2
 Call Canine Familiar     Summ           11%        N/A       36%         3
 Summon Blazeheart Golem  Fire/Summ      6%         N/A       95%         4
 Summon Lightning Spire   Summ/Air       6%         N/A       95%         4


Dungeon Overview and Level Annotations

Branches:
Dungeon (3/15)

Altars:

Annotations:
D:2 Robin


Innate Abilities, Weirdness & Mutations

You are immune to poison.
You have sharp fingernails.
Your flesh is cold resistant. (rC+)
You are immune to negative energy. (rN+++)
You do not regenerate when monsters are visible.
You are immune to unholy pain and torment.
You thrive by killing the living.


Message History

The hobgoblin barely misses you. The goblin hits you but does no damage.
The goblin attacks as it pursues you! The goblin hits you with a +0 dagger.
The goblin unwields a +0 dagger.
The goblin wields a +0 sling.
The goblin shoots a sling bullet.
The sling bullet hits you.
* * * LOW HITPOINT WARNING * * *
Robin roars a battlecry!
The goblins go into a battle-frenzy!
You hear a shout!
There is a stone staircase leading down here.
The hobgoblin completely misses you. The ball python bites you.
* * * LOW HITPOINT WARNING * * *
The ball python barely misses you.
You climb downwards.
The jackal barks! x3; You hear a bark! x2
There is a stone staircase leading up here.
The jackal barks!
The hobgoblin misses you. The ball python bites you.
* * * LOW HITPOINT WARNING * * *
The ball python grabs you.
You stop ascending the stairs.
The ball python constricts you.
You escape the ball python's grasp.
The jackal barely misses you. The jackal bites you.
* * * LOW HITPOINT WARNING * * *
The hobgoblin hits you but does no damage.
The ball python bites you.
* * * LOW HITPOINT WARNING * * *
The ball python grabs you.
You stop ascending the stairs.
The ball python constricts you.
You escape the ball python's grasp.
The jackal bites you but does no damage.
The jackal bites you.
* * * LOW HITPOINT WARNING * * *
The hobgoblin closely misses you. The jackal closely misses you.
The jackal bites you.
* * * LOW HITPOINT WARNING * * *
You climb upwards.
Level annotation: Robin The goblin shouts!
The goblin hits you with a +0 club.
You die...

#####.###.............. ###.....
......g...###.#.##..##. #.......
..........###.#.....#...##.#.....
......##..g.g.#.##..#......#.....
.....###.g.g#.g..................
..... #.........#....#####...†..
.....######.##...# ...# #......
................h###..# #......
.#.............h@g....#####......
.#. ...........gSg....#..........
..............#######........
..............# #........
########......# #####........
#......###............
#......#....##........
#......#.#.†##........
#####'##.#..##........


You could see Robin, 2 jackals, 2 hobgoblins, 4 goblins and a ball python.

Vanquished Creatures
  An adder (D:2)
  A dart slug (D:2)
  A ribbon worm (D:2)
  4 ball pythons
  6 endoplasms
  3 hobgoblins (D:1)
  2 kobolds (D:1)
  A quokka (D:1)
  3 bats (D:1)
  5 frilled lizards (D:1)
  A goblin (D:1)
  2 rats (D:1)
30 creatures vanquished.

Vanquished Creatures (collateral kills)
  A quokka (D:1)
1 creature vanquished.

Grand Total: 31 creatures vanquished

Notes
Turn   | Place    | Note
-------+----------+-------------------------------------------
     0 | D:1      | GordonOverkill the Ghoul Summoner began the quest for the
                  | Orb.
     0 | D:1      | Reached XP level 1. HP: 14/14 MP: 3/3
    64 | D:1      | Reached skill level 1 in Unarmed Combat
   291 | D:1      | Reached XP level 2. HP: 20/20 MP: 2/4
   543 | D:1      | Reached XP level 3. HP: 26/26 MP: 5/5
   956 | D:2      | Noticed Robin
   976 | D:2      | Slain by a goblin

Illustrated notes

Levels and vault maps discovered:
D:1:      scummos_arrival_simple_fountains, layout_basic
D:2:      layout_basic, uniq_robin
D:3:      layout_loops_ring, hangedman_abyss_or_decor_lesser_grid,
          nicolae_titane, uniq_grinder, uniq_terence

Skill      XL: |  1  2  3 |
---------------+----------+-----
Unarmed Combat | 1 2 3 |  3.4
Dodging        | |  1.7
Stealth        | |  2.1
Spellcasting   | |  1.7
Summonings     | |  3.6

Action                     || total
---------------------------++-------
  Melee: Unarmed           ||    94
   Cast: Summon Small Mamm ||    12
   Stab: Sleeping          ||     1
 Armour: Robe              ||     9
         Ring mail         ||    50
  Dodge: Dodged            ||    47
